 Dungeon Crawl Stone Soup version 0.20.1-1-g8b1a95d (webtiles) character file.

623 Aleksandr27reg the Magician (level 7, 0/46 HPs)
             Began as a Mummy Necromancer on Nov 2, 2017.
             Slain by a gnoll (6 damage)
             ... on level 6 of the Dungeon.
             The game lasted 00:29:08 (4017 turns).

Aleksandr27reg the Magician (Mummy Necromancer)     Turns: 4017, Time: 00:29:08

Health: 0/46       AC:  6    Str: 11    XL:     7   Next: 22%
Magic:  26/26      EV:  9    Int: 17    God:
Gold:   174        SH:  7    Dex: 15    Spells: 16/20 levels left

rFire    x . .     SeeInvis .   l - +0 dagger (venom)
rCold    + . .     Gourm    .   g - +0 shield
rNeg     + + +     Faith    .   a - +1 robe
rPois    ∞         Spirit   .   d - +1 helmet
rElec    .         Reflect  .   c - +0 cloak
rCorr    .         Harm     .   (no gloves)
MR       .....                  (no boots)
Stlth    ++........             (no amulet)
Regen    0.2/turn               e - ring of magical power
MPRegen  0.2/turn               j - +3 ring of dexterity

@: no status effects
A: no food or potions, fire vulnerability, cold resistance 1, negative energy
resistance 3, torment resistance, unbreathing
a: no special abilities


You were on level 6 of the Dungeon.
You were not hungry.

You visited 1 branch of the dungeon, and saw 6 of its levels.

You collected 174 gold pieces.

Inventory:

Hand Weapons
 l - a +0 dagger of venom (weapon)
 r - a cursed -3 war axe
Armour
 a - a +1 robe (worn)
 c - a +0 cloak (worn)
 d - a +1 helmet (worn)
 g - a +0 shield (worn)
 q - quicksilver dragon scales
Jewellery
 e - a ring of magical power (left hand)
 f - an uncursed ring of ice
 i - an uncursed ring of wizardry {unknown}
 j - a +3 ring of dexterity (right hand)
Scrolls
 h - a scroll of remove curse
 k - a scroll of magic mapping
 n - a scroll of enchant armour
 o - 2 scrolls of amnesia
 p - 2 scrolls of recharging
Books
 b - a book of Necromancy

   Spells                             Type                      Level
   a - Pain                           Necromancy                   1
   b - Animate Skeleton               Necromancy                   1
   c - Vampiric Draining              Necromancy                   3
   d - Regeneration                   Charms/Necromancy            3
   e - Animate Dead                   Necromancy                   4
   f - Control Undead                 Necromancy                   4


   Skills:
 + Level 0.2 Short Blades
 + Level 1.7 Dodging
 + Level 1.7 Stealth
 + Level 0.2 Shields
 * Level 7.2 Spellcasting
 * Level 6.5 Necromancy


You had 16 spell levels left.
You knew the following spells:

 Your Spells              Type           Power        Failure   Level  Hunger
a - Pain                  Necr           ####         5%          1    N/A
b - Vampiric Draining     Necr           ####......   16%         3    N/A

Dungeon Overview and Level Annotations

Branches:
Dungeon (6/15)
 Temple: D:4-7

Altars:
Cheibriados
Kikubaaqudgha
Nemelex Xobeh
Okawaru
Qazlal

Portals:
Ossuary: D:5

Annotations:
D:2 Sigmund


Innate Abilities, Weirdness & Mutations

You do not eat or drink.
Your flesh is vulnerable to fire.
You are immune to poison.
Your flesh is cold resistant. (rC+)
You are immune to negative energy. (rN+++)
You are immune to unholy pain and torment.
You can survive without breathing.


Message History

The killer bee zombie hits you.
The killer bee zombie hits you but does no damage.
The killer bee zombie hits you.
* * * LOW HITPOINT WARNING * * *
The killer bee zombie barely misses you.
As you read the scroll of teleportation, it crumbles to dust.
You feel strangely unstable. The killer bee zombie hits you.
* * * LOW HITPOINT WARNING * * *
You block the worker ant's attack.
The killer bee zombie closely misses you.
The orc shouts!
The killer bee zombie hits you.
* * * LOW HITPOINT WARNING * * *
An orc comes into view. It is wielding a club.
Your surroundings suddenly seem different.
The gnoll shouts!
The gnoll shouts!
You hear a shout!
There is a stone staircase leading up here.
You block the gnoll's attack. The gnoll hits you.
You die...

.####.#......#
......Z......# ...
........##...# ..#
.(......#....# ..#
#............##+##..#
#########...........#
.....#†..........#
### #......g###...#
##.?$##.#.#.#.g@..#
#$.∩55#...#g#.#g..#
#..5##.....#.#...#
..#####..##..###...#
#.......###....g...#
############.####..#
#..........# ..#
###.########..# ..#
....# #..#


You could see a gnoll sergeant and 3 gnolls.

Vanquished Creatures
  An ogre (D:5)
  2 scorpions
  An orc priest (D:5)
  Jessica (D:3)
  An iguana (D:4)
  2 worker ants
  3 orc wizards
  Robin (D:2)
  9 adders
  2 oozes (D:5)
  2 adder skeletons
  2 worms (D:3)
  4 dart slugs
  3 leopard geckos
  17 orcs
  3 giant cockroaches
  16 goblins
  7 hobgoblins
  8 kobolds
  A quokka (D:5)
  A ball python zombie (D:5)
  6 bats
  8 frilled lizards
  6 rats
107 creatures vanquished.

Notes
Turn   | Place    | Note
-------+----------+-------------------------------------------
     0 | D:1      | Aleksandr27reg the Mummy Necromancer began the quest for the Orb.
     0 | D:1      | Reached XP level 1. HP: 13/13 MP: 4/4
   301 | D:1      | Reached skill level 3 in Spellcasting
   305 | D:1      | Learned a level 1 spell: Animate Skeleton
   312 | D:1      | Reached XP level 2. HP: 19/19 MP: 6/6
  1137 | D:2      | Reached XP level 3. HP: 22/24 MP: 8/8
  1138 | D:2      | Noticed Robin
  1295 | D:1      | Learned a level 3 spell: Vampiric Draining
  1454 | D:2      | Reached skill level 4 in Spellcasting
  1495 | D:2      | Found a snail-covered altar of Cheibriados.
  1516 | D:2      | Killed Robin
  1516 | D:2      | Reached XP level 4. HP: 30/30 MP: 7/10
  1623 | D:2      | Found a sparkling altar of Nemelex Xobeh.
  1642 | D:2      | Found an iron altar of Okawaru.
  1694 | D:2      | Reached skill level 5 in Necromancy
  1862 | D:2      | Noticed Sigmund
  2133 | D:3      | Reached skill level 5 in Spellcasting
  2133 | D:3      | Reached XP level 5. HP: 24/35 MP: 9/12
  2612 | D:3      | Noticed Jessica
  2614 | D:3      | Killed Jessica
  2738 | D:3      | Found a stormy altar of Qazlal.
  2949 | D:4      | Reached skill level 6 in Spellcasting
  2949 | D:4      | Reached XP level 6. HP: 41/41 MP: 15/15
  3307 | D:4      | Found an ancient bone altar of Kikubaaqudgha.
  3417 | D:5      | Entered Level 5 of the Dungeon
  3619 | D:5      | Reached skill level 7 in Spellcasting
  3619 | D:5      | Reached XP level 7. HP: 46/46 MP: 17/17
  3819 | D:5      | Found a sand-covered staircase.
  4017 | D:6      | Slain by a gnoll

Skill      XL: |  1  2  3  4  5  6 |
---------------+-------------------+-----
Spellcasting   | 3 4 5 6 7 |  7.2
Necromancy     | 5 6 |  6.5
Short Blades   | |  0.2
Dodging        | |  1.7
Stealth        | |  1.7
Shields        | |  0.2

Action                   |  1- 3 |  4- 6 |  7- 9 || total
-------------------------+-------+-------+-------++-------
Melee: Unarmed           |     5 |     2 |       ||     7
       Dagger            |       |    26 |    16 ||    42
 Cast: Pain              |    88 |   142 |    17 ||   247
       Vampiric Draining |     4 |    11 |     7 ||    22
  Use: Scroll            |     7 |     3 |     5 ||    15
Armor: Robe              |     5 |    19 |     5 ||    29
Dodge: Dodged            |    31 |    28 |    14 ||    73
Block: Shield            |       |    18 |    17 ||    35
